[ AOE2 MATCH · #505675235 ]
UnrankedCumans vs Byzantines
Player's team · WIN
Rival team · LOSS
[ REPLAY ANALYSIS · EXTRACTED FROM THE RECORDED GAME ]
Feudal
8:26
Castle
24:35
Imperial
—
| APM avg | 52.6 |
| APM peak | 88 |
| eAPM avg | 29.5 |
| Villagers / military | 108 / 20 |
Focus
⚔️ 25.7% · 🌾 74.3%
Knight ×14 · Spearman ×3 · Scout Cavalry ×3
Feudal
8:25
Castle
20:35
Imperial
—
| APM avg | 64.9 |
| APM peak | 93 |
| eAPM avg | 32.8 |
| Villagers / military | 103 / 25 |
Focus
⚔️ 35.5% · 🌾 64.5%
Spearman ×9 · Skirmisher ×7 · Monk ×5 · Mangonel ×3 · Cataphract ×1
Match map
Initial resources + every placement click. Lines = walls · curves = elevation contours. ◆ gold · ⬟ stone · ● berries · ✦ relic · ◌ wall gap
Your base· Open — unwalled flank
Šteuko's base· Open — unwalled flank
Smoothed initial terrain · ◌ = detected wall gap · hover for details
Inputs per minute
— 猪咪 - - Šteuko
Build order — 猪咪
First 150 of 231 actions detected
| 0:00 | Create | Villager (Male) ×4 |
| 0:01 | Create | Villager (Male) ×4 |
| 0:02 | Build | House |
| 0:03 | Build | House |
| 1:23 | Create | Villager (Male) |
| 1:24 | Create | Villager (Male) |
| 1:52 | Build | Lumber Camp |
| 2:02 | Create | Villager (Male) |
| 2:02 | Create | Villager (Male) |
| 2:22 | Create | Villager (Male) |
| 2:22 | Create | Villager (Male) |
| 2:45 | Create | Villager (Male) |
| 2:46 | Create | Villager (Male) |
| 3:10 | Create | Villager (Male) |
| 3:10 | Create | Villager (Male) |
| 3:37 | Create | Villager (Male) |
| 3:52 | Create | Villager (Male) |
| 3:52 | Create | Villager (Male) |
| 3:53 | Build | House |
| 4:20 | Create | Villager (Male) |
| 4:20 | Create | Villager (Male) |
| 4:51 | Create | Villager (Male) |
| 5:04 | Create | Villager (Male) |
| 5:24 | Research | Loom |
| 5:28 | Build | Mill |
| 6:15 | Research | Feudal Age |
| 6:15 | Research | Feudal Age |
| 7:04 | Build | House |
| 7:45 | Create | Villager (Male) |
| 7:47 | Create | Villager (Male) |
| 8:26 | Age | Feudal Age |
| 8:28 | Build | Town Center |
| 8:32 | Research | Double-Bit Axe |
| 8:32 | Research | Double-Bit Axe |
| 8:40 | Create | Villager (Male) |
| 8:53 | Create | Villager (Male) |
| 8:57 | Build | House |
| 9:21 | Create | Villager (Male) |
| 9:38 | Build | House |
| 9:41 | Build | Palisade Wall |
| 9:44 | Create | Villager (Male) |
| 10:05 | Create | Villager (Male) |
| 10:05 | Create | Villager (Male) |
| 10:08 | Build | Mining Camp |
| 10:12 | Build | Palisade Wall |
| 10:31 | Create | Villager (Male) |
| 11:03 | Build | Farm |
| 11:10 | Build | House |
| 11:11 | Build | Palisade Wall |
| 11:20 | Build | Palisade Wall |
| 11:27 | Create | Villager (Male) |
| 11:27 | Create | Villager (Male) |
| 11:37 | Build | Watch Tower |
| 11:49 | Create | Villager (Male) |
| 11:49 | Create | Villager (Male) |
| 12:07 | Create | Villager (Male) |
| 12:21 | Build | House |
| 12:26 | Create | Villager (Male) |
| 12:27 | Create | Villager (Male) |
| 12:29 | Build | Outpost |
| 12:36 | Build | Outpost |
| 12:46 | Build | Farm |
| 12:46 | Build | Farm |
| 12:47 | Build | Farm |
| 12:55 | Build | Palisade Wall |
| 12:56 | Create | Villager (Male) |
| 12:56 | Create | Villager (Male) |
| 13:03 | Build | Watch Tower |
| 13:05 | Create | Villager (Male) ×2 |
| 13:05 | Create | Villager (Male) ×2 |
| 13:49 | Create | Villager (Male) |
| 13:55 | Build | Farm |
| 14:04 | Create | Villager (Male) |
| 14:04 | Create | Villager (Male) |
| 14:33 | Create | Villager (Male) |
| 14:36 | Build | Farm |
| 14:38 | Build | Farm |
| 14:40 | Create | Villager (Male) |
| 15:08 | Create | Villager (Male) ×2 |
| 15:09 | Create | Villager (Male) ×2 |
| 15:14 | Build | Lumber Camp |
| 15:16 | Build | Farm |
| 15:20 | Create | Villager (Male) |
| 15:21 | Create | Villager (Male) |
| 15:43 | Create | Villager (Male) |
| 15:43 | Create | Villager (Male) |
| 15:58 | Create | Villager (Male) |
| 15:59 | Create | Villager (Male) |
| 16:04 | Build | Farm |
| 16:05 | Create | Villager (Male) |
| 16:21 | Create | Villager (Male) |
| 16:26 | Build | House |
| 16:27 | Create | Villager (Male) |
| 16:28 | Create | Villager (Male) |
| 16:32 | Build | House |
| 16:35 | Build | Farm |
| 16:47 | Create | Villager (Male) |
| 16:47 | Create | Villager (Male) |
| 16:54 | Create | Villager (Male) |
| 17:03 | Build | Farm |
| 17:04 | Create | Villager (Male) |
| 17:16 | Build | Barracks |
| 17:19 | Create | Villager (Male) |
| 17:29 | Create | Villager (Male) |
| 17:34 | Build | Farm |
| 17:58 | Create | Villager (Male) |
| 18:00 | Build | Stable |
| 18:05 | Build | Stable |
| 18:08 | Create | Villager (Male) |
| 18:10 | Create | Villager (Male) |
| 18:27 | Build | House |
| 18:27 | Build | House |
| 18:29 | Create | Villager (Male) |
| 18:32 | Create | Scout Cavalry |
| 18:36 | Build | Farm |
| 18:37 | Build | Farm |
| 18:47 | Create | Villager (Male) ×2 |
| 18:58 | Create | Villager (Male) |
| 19:02 | Build | House |
| 19:14 | Create | Villager (Male) |
| 19:29 | Build | Farm |
| 19:31 | Create | Villager (Male) |
| 19:40 | Build | Farm |
| 19:42 | Build | House |
| 19:45 | Create | Villager (Male) |
| 19:46 | Create | Villager (Male) |
| 20:04 | Create | Villager (Male) |
| 20:05 | Create | Villager (Male) |
| 20:08 | Build | Market |
| 20:21 | Create | Villager (Male) |
| 20:25 | Build | Farm |
| 20:26 | Build | Farm |
| 20:26 | Build | Farm |
| 20:31 | Build | Palisade Wall |
| 20:57 | Create | Scout Cavalry |
| 20:59 | Create | Scout Cavalry |
| 21:28 | Build | House |
| 21:50 | Research | Castle Age |
| 21:55 | Research | Castle Age |
| 21:55 | Research | Castle Age |
| 21:59 | Build | Mining Camp |
| 22:02 | Build | House |
| 22:10 | Build | Farm |
| 22:11 | Build | Farm |
| 22:12 | Create | Villager (Male) |
| 22:23 | Build | Palisade Wall |
| 22:24 | Build | Palisade Wall |
| 22:27 | Build | Palisade Wall |
| 22:29 | Create | Villager (Male) |
| 22:31 | Build | Farm |
Build order — Šteuko
First 150 of 222 actions detected
| 0:00 | Create | Villager (Male) |
| 0:02 | Build | House |
| 0:05 | Build | House |
| 0:07 | Create | Villager (Male) |
| 0:09 | Create | Villager (Male) |
| 0:23 | Create | Villager (Male) |
| 1:24 | Create | Villager (Male) |
| 1:59 | Create | Villager (Male) |
| 2:10 | Build | Lumber Camp |
| 2:16 | Create | Villager (Male) |
| 2:16 | Create | Villager (Male) |
| 2:49 | Create | Villager (Male) |
| 3:12 | Create | Villager (Male) |
| 3:12 | Create | Villager (Male) |
| 3:30 | Create | Villager (Male) |
| 3:52 | Build | House |
| 3:53 | Build | House |
| 4:12 | Build | House |
| 4:23 | Create | Villager (Male) |
| 4:34 | Create | Villager (Male) |
| 4:37 | Create | Villager (Male) |
| 4:59 | Create | Villager (Male) |
| 4:59 | Create | Villager (Male) |
| 5:08 | Build | Mill |
| 5:29 | Research | Loom |
| 6:09 | Research | Feudal Age |
| 6:30 | Create | Villager (Male) |
| 7:44 | Build | Barracks |
| 7:47 | Create | Villager (Male) |
| 8:06 | Build | House |
| 8:25 | Age | Feudal Age |
| 8:30 | Build | Archery Range |
| 8:44 | Create | Spearman |
| 8:50 | Create | Villager (Male) |
| 8:52 | Create | Villager (Male) |
| 9:00 | Create | Spearman |
| 9:07 | Research | Double-Bit Axe |
| 9:16 | Create | Villager (Male) |
| 9:18 | Create | Spearman |
| 9:22 | Create | Skirmisher |
| 9:34 | Create | Villager (Male) |
| 9:46 | Build | House |
| 9:46 | Create | Villager (Male) |
| 9:51 | Create | Skirmisher |
| 10:10 | Build | Watch Tower |
| 10:15 | Create | Spearman |
| 10:19 | Create | Villager (Male) |
| 10:22 | Create | Skirmisher |
| 10:33 | Create | Villager (Male) |
| 10:49 | Create | Villager (Male) |
| 11:07 | Create | Villager (Male) |
| 11:08 | Build | House |
| 11:12 | Build | House |
| 11:18 | Build | Farm |
| 11:20 | Build | Farm |
| 11:22 | Build | Farm |
| 11:22 | Create | Skirmisher |
| 11:25 | Build | Farm |
| 11:37 | Build | Watch Tower |
| 11:41 | Create | Villager (Male) |
| 12:00 | Create | Villager (Male) |
| 12:08 | Build | House |
| 12:09 | Create | Skirmisher |
| 12:17 | Create | Villager (Male) |
| 12:20 | Build | Farm |
| 12:21 | Build | Farm |
| 12:37 | Build | Outpost |
| 12:40 | Create | Villager (Male) |
| 12:42 | Build | Farm |
| 12:47 | Create | Villager (Male) |
| 12:55 | Build | Watch Tower |
| 13:03 | Build | Farm |
| 13:05 | Create | Villager (Male) |
| 13:14 | Create | Villager (Male) |
| 13:27 | Create | Villager (Male) |
| 13:34 | Build | Palisade Wall |
| 13:47 | Create | Villager (Male) |
| 13:55 | Build | House |
| 14:01 | Create | Villager (Male) |
| 14:05 | Create | Villager (Male) |
| 14:07 | Build | Farm |
| 14:08 | Build | Farm |
| 14:09 | Build | Farm |
| 14:17 | Create | Villager (Male) |
| 14:25 | Create | Villager (Male) |
| 14:29 | Build | Farm |
| 14:38 | Create | Villager (Male) |
| 15:02 | Create | Villager (Male) |
| 15:09 | Create | Villager (Male) |
| 15:12 | Create | Villager (Male) |
| 15:17 | Build | Mining Camp |
| 15:35 | Create | Villager (Male) |
| 15:36 | Create | Villager (Male) |
| 15:38 | Create | Villager (Male) |
| 15:50 | Create | Villager (Male) |
| 16:02 | Create | Villager (Male) |
| 16:08 | Create | Villager (Male) |
| 16:09 | Build | Blacksmith |
| 16:19 | Create | Villager (Male) |
| 16:25 | Create | Villager (Male) |
| 16:42 | Build | Market |
| 16:47 | Create | Villager (Male) |
| 17:15 | Build | Mining Camp |
| 17:30 | Create | Villager (Male) |
| 17:35 | Create | Villager (Male) |
| 17:36 | Create | Villager (Male) |
| 17:39 | Build | House |
| 17:44 | Create | Villager (Male) |
| 17:53 | Research | Castle Age |
| 17:53 | Research | Castle Age |
| 18:05 | Create | Villager (Male) |
| 18:14 | Create | Villager (Male) |
| 18:20 | Create | Spearman |
| 18:24 | Create | Villager (Male) |
| 18:44 | Create | Villager (Male) |
| 18:49 | Research | Fletching |
| 18:59 | Create | Villager (Male) |
| 19:17 | Create | Spearman |
| 19:26 | Create | Spearman |
| 19:32 | Create | Villager (Male) |
| 19:33 | Create | Spearman |
| 19:42 | Create | Villager (Male) |
| 20:05 | Create | Villager (Male) |
| 20:06 | Create | Spearman |
| 20:23 | Build | Farm |
| 20:35 | Age | Castle Age |
| 20:59 | Create | Villager (Male) |
| 21:06 | Build | Castle |
| 21:13 | Build | Palisade Wall |
| 21:22 | Create | Villager (Male) |
| 21:25 | Create | Villager (Male) |
| 21:27 | Build | Farm |
| 21:32 | Create | Villager (Male) |
| 21:39 | Build | Siege Workshop |
| 21:40 | Create | Villager (Male) |
| 21:49 | Build | Farm |
| 21:49 | Create | Villager (Male) |
| 22:02 | Create | Villager (Male) |
| 22:08 | Create | Villager (Male) |
| 22:32 | Build | Lumber Camp |
| 22:36 | Create | Mangonel |
| 22:36 | Create | Villager (Male) |
| 22:39 | Create | Villager (Male) |
| 22:52 | Create | Villager (Male) |
| 23:09 | Create | Villager (Male) |
| 23:11 | Research | Bow Saw |
| 23:11 | Research | Bow Saw |
| 23:20 | Create | Mangonel |
| 23:22 | Create | Villager (Male) |
| 23:25 | Create | Villager (Male) |
Match timeline
| 7:44 | Šteuko · first_building Barracks |
| 8:25 | Šteuko · age_up feudal |
| 8:26 | 猪咪 · age_up feudal |
| 8:30 | Šteuko · first_building Archery Range |
| 9:41 | 猪咪 · wall_segment Palisade Wall x1 |
| 10:12 | 猪咪 · wall_segment Palisade Wall x1 |
| 11:11 | 猪咪 · wall_segment Palisade Wall x1 |
| 11:20 | 猪咪 · wall_segment Palisade Wall x2 |
| 12:55 | 猪咪 · wall_segment Palisade Wall x10 |
| 13:34 | Šteuko · wall_segment Palisade Wall x1 |
| 17:16 | 猪咪 · first_building Barracks |
| 17:52 | Šteuko · first_market_sell 100 food |
| 18:00 | 猪咪 · first_building Stable |
| 20:20 | Šteuko · first_market_buy 100 stone |
| 20:31 | 猪咪 · wall_segment Palisade Wall x5 |
| 20:35 | Šteuko · age_up castle |
| 21:06 | Šteuko · first_building Castle |
| 21:13 | Šteuko · wall_segment Palisade Wall x1 |
| 21:33 | 猪咪 · first_market_sell 100 stone |
| 21:35 | 猪咪 · first_market_buy 100 food |
| 21:39 | Šteuko · first_building Siege Workshop |
| 22:23 | 猪咪 · wall_segment Palisade Wall x2 |
| 22:24 | 猪咪 · wall_segment Palisade Wall x1 |
| 22:27 | 猪咪 · wall_segment Palisade Wall x1 |
| 23:51 | Šteuko · first_building Monastery |
| 24:35 | 猪咪 · age_up castle |
| 24:39 | 猪咪 · first_building Castle |
| 25:46 | 猪咪 · wall_segment Palisade Wall x2 |
| 26:34 | 猪咪 · first_building Siege Workshop |
| 27:17 | Šteuko · wall_segment Palisade Wall x1 |
| 28:28 | Šteuko · wall_segment Palisade Wall x1 |
| 28:37 | Šteuko · wall_segment Palisade Wall x1 |
| 30:34 | Šteuko · resign |
[ AI ANALYSIS · 1 CREDIT ]
What really happened in this match?
Wolo.gg analyzes every decision: build order, eco, micro, common mistakes by bracket. Personalized analysis on WhatsApp or Discord in 30 seconds.
Civ guide
Cumans
Perfil
Jugador #711407